 Dungeon Crawl Stone Soup version 0.31.0-32-g396128a36d (webtiles) character file.

Game seed: 4089438927694546601

329 imdaedric the Shield-Bearer (level 6, -7/56 HPs)
             Began as a Minotaur Fighter on Apr 9, 2024.
             Killed by divine providence
             ... invoked by an orc priest
              (11 damage)
             ... on level 4 of the Dungeon.
             The game lasted 00:04:49 (2254 turns).

imdaedric the Shield-Bearer (Minotaur Fighter)      Turns: 2254, Time: 00:04:49

Health: -7/56      AC:  7    Str: 23    XL:     6   Next: 25%
Magic:  5/5        EV:  9    Int:  5    God:
Gold:   209        SH:  4    Dex:  9    Spells: 5/5 levels left

rFire   . . .        a - +0 war axe
rCold   . . .        c - +0 buckler
rNeg    . . .        b - +0 scale mail
rPois   .            (helmet restricted)
rElec   .            (no cloak)
rCorr   .            (no gloves)
SInv    .            (no boots)
Will    .....        (no amulet) Stlth
                     g - ring of flight
HPRegen 0.29/turn    (no ring)
MPRegen 0.09/turn

%: no passive effects
@: flying
A: horns 2, retaliatory headbutt
a: no special abilities


You were on level 4 of the Dungeon.
You visited 1 branch of the dungeon, and saw 4 of its levels.

You collected 209 gold pieces.

Inventory:

Hand Weapons
 a - a +0 war axe (weapon)
Missiles
 h - 2 poisoned darts (quivered)
 k - 4 darts of dispersal
Armour
 b - a +0 scale mail (worn)
 c - a +0 buckler (worn)
Jewellery
 g - a ring of flight (left hand)
Wands
 d - a wand of flame (15)
Scrolls
 f - 2 scrolls of fear
 j - 2 scrolls of teleportation
 l - a scroll of enchant armour {unknown}
 n - a scroll of noise {unknown}
 o - a scroll of identify
Potions
 e - a potion of heal wounds
 i - a potion of curing
 m - a potion of attraction {unknown}


   Skills:
 + Level 5.1 Fighting
 + Level 4.1 Axes
 + Level 2.0 Throwing
 + Level 5.0 Armour
 + Level 5.1 Shields


You had 5 spell levels left.
You didn't know any spells.
Your spell library contained the following spells:

 Spells                   Type           Power      Damage    Failure   Level
 Apportation              Tloc           0%         N/A       83%         1
 Magic Dart               Conj           0%         1d3       83%         1
 Necrotise                Necr           0%         1d4       83%         1
 Sting                    Conj/Alch      0%         1d3       83%         1
 Summon Small Mammal      Summ           0%         N/A       83%         1
 Blink                    Tloc           0%         N/A       93%         2
 Call Imp                 Summ           0%         N/A       93%         2
 Ensorcelled Hibernation  Hex/Ice        0%         N/A       93%         2
 Mercury Vapours          Alch/Air       0%         N/A       93%         2
 Mephitic Cloud           Conj/Alch/Air  0%         N/A       99%         3
 Passwall                 Erth           0%         N/A       99%         3
 Swiftness                Air            0%         N/A       99%         3
 Freezing Cloud           Conj/Ice/Air   0%         6-21      100%        5


Dungeon Overview and Level Annotations

Branches:
Dungeon (4/15)
 Temple: D:4-7

Altars:
Okawaru
Sif Muna


Innate Abilities, Weirdness & Mutations

You have a pair of horns on your head.
You reflexively headbutt those who attack you in melee.


Message History

The orc priest hits you but does no damage.
The orc priest calls down the wrath of Beogh upon you.
You barely resist.
The orc priest invokes the aid of Beogh against you.
You barely resist.
You hit the orc priest but do no damage.
You hit the orc priest.
The orc priest invokes the aid of Beogh against you.
Pain shoots through your body!
The orc priest looks encouraged for a moment.
You slash the orc priest! Your headbutt misses the orc priest.
The orc priest is severely wounded.
You barely miss the orc priest. The orc priest hits you with a +0 club.
You block the orc priest's attack.
You barely miss the orc priest. You headbutt the orc priest.
The orc priest is almost dead.
You barely miss the orc priest.
The orc priest calls down the wrath of Beogh upon you.
Pain shoots through your body!
* * * LOW HITPOINT WARNING * * *
The orc priest hits you but does no damage.
The orc priest miscasts a cantrip.
The orc priest casts a cantrip, but nothing happens.
You closely miss the orc priest.
The orc priest is almost dead.
You closely miss the orc priest.
The orc priest hits you but does no damage.
The endoplasm jiggles.
The orc priest barely misses you.
You slash the orc priest!
You kill the orc priest!
You barely miss the orc priest. The orc priest hits you with a +0 club.
* * * LOW HITPOINT WARNING * * *
Your Throwing skill increases to level 2!
You barely miss the endoplasm. You headbutt the endoplasm.
You kill the endoplasm!
You hit the orc priest but do no damage.
The orc priest calls down the wrath of Beogh upon you.
Beogh smites you!
You die...

#.........# #
#.##......#.
#.#.###.##.##.
#.#.#.#.....#.
#...#.##.#..#.
#####.........#. .
......#######.#. ..
............#.#)###
..
.....######.#.#o@.#
..
.....+....#.#.###.#
.# ...).#
#.....###.#.#
...))######.........#
##..†).............##
#...............>.#
#.).............###
#...............#
#........########


You could see an orc priest.

Vanquished Creatures
  Menkaure (D:4)
  A gnoll bouda (D:4)
  An orc priest (D:4)
  An orc wizard (D:3)
  4 gnolls (D:4)
  3 adders
  6 orcs
  5 ball pythons
  8 endoplasms
  7 giant cockroaches
  8 goblins
  8 hobgoblins
  7 jackals
  A quokka (D:1)
  4 bats
  4 frilled lizards
  5 kobolds
  8 rats
82 creatures vanquished.

Notes
Turn   | Place    | Note
-------+----------+-------------------------------------------
     0 | D:1      | imdaedric the Minotaur Fighter began the quest for the Orb.
     0 | D:1      | Reached XP level 1. HP: 19/19 MP: 0/0
    83 | D:1      | Reached XP level 2. HP: 27/27 MP: 1/1
   631 | D:2      | Reached XP level 3. HP: 31/33 MP: 2/2
  1376 | D:3      | Reached XP level 4. HP: 37/41 MP: 3/3
  1416 | D:3      | Found a faded altar of an unknown god.
  1813 | D:3      | Found an iron altar of Okawaru.
  1953 | D:3      | Found a shimmering blue altar of Sif Muna.
  2042 | D:4      | Noticed Menkaure
  2048 | D:4      | Killed Menkaure
  2049 | D:4      | Reached skill level 1 in Throwing
  2049 | D:4      | Reached skill level 5 in Shields
  2049 | D:4      | Reached XP level 5. HP: 25/47 MP: 4/4
  2051 | D:4      | Reached skill level 5 in Fighting
  2054 | D:4      | Reached XP level 6. HP: 11/56 MP: 5/5
  2243 | D:4      | Reached skill level 5 in Armour
  2254 | D:4      | Killed from afar by an orc priest

Illustrated notes

Levels and vault maps discovered:
D:1:      minmay_arrival_five_plusses, layout_basic, serial_park_tiny_1,
          hangedman_decor_opposing
D:2:      layout_loops_ring, serial_forest, infiniplex_forest_straight_3,
          infiniplex_forest_straight_3, infiniplex_forest_straight_4,
          infiniplex_forest_pool, infiniplex_forest_end_2,
          infiniplex_forest_lined_3, infiniplex_forest_clump_tiny,
          minmay_unequal
D:3:      layout_basic, mainiacjoe_overflow_alcove_1, led_sif_pool,
          shapermc_ecumenical_altar_totnotflames, kennysheep_generic_room_7
D:4:      layout_basic, marbit_many_paths, uniq_menkaure, uniq_grinder,
          uniq_natasha

Skill      XL: |  1  2  3  4  5  6 |
---------------+-------------------+-----
Shields        | 4 5 |  5.1
Fighting       | 4 5 |  5.1
Armour         | 4 5 |  5.0
Axes           | 3 4 |  4.1
Throwing       | 1 2 |  2.0

Action                     |  1- 3 |  4- 6 || total
---------------------------+-------+-------++-------
  Melee: War axe           |    87 |    67 ||   154
         Headbutt          |     4 |     5 ||     9
    Use: Scroll            |     4 |     1 ||     5
         Potion            |       |     1 ||     1
 Armour: Scale mail        |    61 |    66 ||   127
  Dodge: Dodged            |    39 |    36 ||    75
  Block: Buckler           |    17 |    12 ||    29
